AoeStats
← Chaac1706

Arabian Desert

510422941Analyzed
1v1 RM · 2d ago on Sep 30, 2026· 17m 28s· 2 players
Game mode
Random Map
Map size
Tiny (2 player)
Population
200
Speed
Normal
Resources
Standard
Victory
Conquest
Starting age
Dark Age
Ending age
Imperial Age
RankedLock teamsTeams togetherTeam positionsShared explorationLock speedFull tech treeHidden civsTurbo modeCheats
Victory
Defeat
🇨🇴 Muisca · Colombia
1113
+14
🇦🇷 Lithuanians · Argentina
1079
-14
Rayeus
Chaac1706
5:17 Loom
8:59 Feudal Age
9:29 Loom
9:14 Champi Runner
12:16 Forging
16:22 Castle Age
17:41 Iron Casting
16:35 Champi Warrior
Connection lost

Rejoining the realm…

Still unreachable

The connection could not be restored.

Session expired

The server has moved on; the page needs a fresh start.